 Dungeon Crawl Stone Soup version 0.29-a0-410-g9596d59a08 (webtiles) character file.

Game seed: 3632485246476782469

395 Ge0ff the Cudgeller (level 6, 0/38 HPs)
             Began as a Gargoyle Monk on May 14, 2022.
             Slain by a killer bee (8 damage)
             ... on level 5 of the Dungeon.
             The game lasted 00:06:08 (4681 turns).

Ge0ff the Cudgeller (Gargoyle Monk)                 Turns: 4681, Time: 00:06:09

Health: 0/38       AC: 11    Str: 17    XL:     6   Next: 82%
Magic:  6/6        EV: 11    Int: 10    God:
Gold:   91         SH:  0    Dex: 12    Spells: 5/5 levels left

rFire   . . .      SeeInvis .   a - +0 dire flail
rCold   . . .      Faith    .   (shield currently unavailable)
rNeg    + . .      Spirit   .   x - +0 ring mail
rPois   ∞          Reflect  .   (no helmet)
rElec   +          Harm     .   q - +1 cloak
rCorr   .          Rampage  .   (no gloves)
Will    .....                   (no boots)
Stlth   +.........              (no amulet)
HPRegen 0.12/turn               (no ring)
MPRegen 0.10/turn               (no ring)

@: no status effects
A: sickness immunity, AC +4, negative energy resistance 1, electricity
resistance, torment resistance 1, petrification resistance
a: no special abilities


You were on level 5 of the Dungeon.
You visited 1 branch of the dungeon, and saw 5 of its levels.

You collected 135 gold pieces.
You spent 44 gold pieces at shops.

Inventory:

Hand Weapons
 a - a +0 dire flail (weapon)
 y - a +0 mace
 Y - a +0 flail
Missiles
 v - 2 boomerangs (quivered)
Armour
 b - a +0 robe
 q - a +1 cloak (worn)
 x - a +0 ring mail (worn)
Jewellery
 X - a ring of wizardry
Potions
 t - a potion of brilliance {unknown}
 u - a potion of mutation {!q}
 L - a potion of lignification
 R - 3 potions of resistance


   Skills:
 - Level 4.0 Fighting
 + Level 6.8 Maces & Flails
 - Level 2.0 Armour
 - Level 2.4 Dodging
 - Level 2.1 Stealth


You had 5 spell levels left.
You didn't know any spells.
Your spell library contained the following spells:

 Spells                   Type           Power      Damage    Failure   Level
 Slow                     Hex            0%         N/A       56%         1
 Confusing Touch          Hex            0%         N/A       90%         3
 Vampiric Draining        Necr           0%         2d6       90%         3
 Petrify                  Tmut/Erth      0%         N/A       100%        4
 Irradiate                Conj/Tmut      0%         3d13      100%        5
 Sublimation of Blood     Necr           Unusable   N/A       N/A         2

Dungeon Overview and Level Annotations

Branches:
Dungeon (5/15)
 Temple: D:4-7

Altars:
Ashenzari
Makhleb

Shops:
D:2 (


Innate Abilities, Weirdness & Mutations

You are immune to sickness and miasma.
Your stone body is resilient. (AC +4)
You are immune to poison.
You resist negative energy. (rN+)
You are resistant to electric shocks. (rElec)
You are resistant to unholy torment.
You are immune to petrification.


Message History

You puncture the killer bee!
The killer bee is severely wounded.
The killer bee stings you.
The killer bee stings you but does no damage.
You miss the killer bee.
The killer bee is severely wounded.
The killer bee stings you.
The killer bee stings you but does no damage.
You miss the killer bee.
The killer bee is severely wounded.
The killer bee stings you but does no damage.
You barely miss the killer bee.
The killer bee is severely wounded.
The killer bee buzzes angrily.
The killer bee stings you. x2
You barely miss the killer bee.
The killer bee is severely wounded.
The killer bee stings you but does no damage.
You miss the killer bee.
The killer bee is lightly wounded.
The killer bee stings you but does no damage.
You closely miss the killer bee.
The killer bee is lightly wounded.
The killer bee stings you but does no damage. x2
You thump the killer bee!
The killer bee is almost dead.
The killer bee stings you but does no damage.
The killer bee stings you.
You miss the killer bee.
The killer bee is almost dead.
The killer bee stings you but does no damage. x2
You closely miss the killer bee.
The killer bee is almost dead.
The killer bee stings you but does no damage. x2
You closely miss the killer bee.
The killer bee is almost dead.
The killer bee stings you.
* * * LOW HITPOINT WARNING * * *
The killer bee stings you.
* * * LOW HITPOINT WARNING * * *
It was a potion of flight.
Your roots keep you in place.
The killer bee stings you but does no damage. x2
It was a potion of cancellation.
Your magical effects are unravelling.
You feel magically purged.
You feel less wooden.
Your +1 cloak unmelds from your body.
Your +0 ring mail unmelds from your body.
The killer bee stings you!
You die...

..# #.....# #. #.
#.# #.# #.....#
#.##.# #.# #.....#
#.##.# .# #.....#
#.##.# .# #.....#
yy...# #.# #######
#y#### ..######
#y# .......# #y#
.#####.#########@#
.#####...........#
.##......#########
....##...#
.#####.###
.......# ########


You could see 5 killer bees.

Vanquished Creatures
  A black bear (D:3)
  A centaur (D:4)
  A scorpion (D:5)
  A hound (D:4)
  An orc wizard (D:3)
  3 adders
  An ufetubus (D:5)
  3 worms (D:2)
  5 orcs
  8 ball pythons
  10 endoplasms
  3 giant cockroaches
  4 goblins
  5 hobgoblins
  2 jackals (D:1)
  4 kobolds
  3 quokkas
  7 bats
  2 frilled lizards (D:2)
  4 rats
69 creatures vanquished.

Notes
Turn   | Place    | Note
-------+----------+-------------------------------------------
     0 | D:1      | Ge0ff the Gargoyle Monk began the quest for the Orb.
     0 | D:1      | Reached XP level 1. HP: 14/14 MP: 1/1
   624 | D:1      | Reached XP level 2. HP: 19/19 MP: 2/2
  1385 | D:1      | Reached skill level 4 in Maces & Flails
  1493 | D:2      | Reached XP level 3. HP: 19/23 MP: 3/3
  2103 | D:2      | Reached skill level 1 in Armour
  2417 | D:2      | Reached XP level 4. HP: 27/28 MP: 4/4
  2543 | D:2      | Found Pouprug's Weapon Shop.
  3172 | D:3      | Reached skill level 5 in Maces & Flails
  3475 | D:3      | Noticed a black bear
  3485 | D:3      | Killed a black bear
  3486 | D:3      | Reached skill level 6 in Maces & Flails
  3486 | D:3      | Reached XP level 5. HP: 9/32 MP: 5/5
  4054 | D:4      | Noticed a centaur
  4069 | D:4      | Killed a centaur
  4070 | D:4      | Reached XP level 6. HP: 23/38 MP: 6/6
  4196 | D:4      | Found a burning altar of Makhleb.
  4510 | D:2      | Bought a +0 dire flail for 44 gold pieces
  4567 | D:4      | You fall into a shaft and drop 1 floor!
  4567 | D:5      | Entered Level 5 of the Dungeon
  4577 | D:5      | Found a broken altar of Ashenzari.
  4681 | D:5      | Slain by a killer bee

Illustrated notes

Levels and vault maps discovered:
D:1:      lightli_arrival_quake, layout_loops_ring, nrook_mini_backslash
D:2:      layout_basic, serial_shops, nicolae_shop_bloodbath_and_beyond
D:3:      layout_basic, kennysheep_generic_room_6
D:4:      layout_cave_pods, mainiacjoe_overflow_six_doors_small
D:5:      layout_loops_cross, evilmike_ruin_ashenzari,
          mainiacjoe_overflow_boulevard, enter_ossuary_1, uniq_menkaure,
          uniq_pikel

Skill      XL: |  1  2  3  4  5  6 |
---------------+-------------------+-----
Maces & Flails | 4 6 |  6.8
Armour         | 1 2 |  2.0
Fighting       | 4 |  4.0
Dodging        | |  2.4
Stealth        | |  2.1

Action                   |  1- 3 |  4- 6 || total
-------------------------+-------+-------++-------
Melee: Mace              |   121 |    44 ||   165
       Punch             |     2 |     3 ||     5
       Flail             |       |    58 ||    58
       Dire flail        |       |    25 ||    25
Throw: Boomerang         |       |    12 ||    12
  Use: Scroll            |     5 |     4 ||     9
       Potion            |       |     5 ||     5
 Stab: Sleeping          |     6 |       ||     6
       Distracted        |     1 |       ||     1
Armor: Robe              |    36 |    13 ||    49
       Ring mail         |       |    83 ||    83
       Skin              |       |    15 ||    15
Dodge: Dodged            |    84 |    89 ||   173

Table legend: (Time is in decaauts)
 A = Elapsed time spent in this place.
 B = Non-inter-level travel time spent in this place.
 C = Inter-level travel time spent in this place.
 D = Time resting spent in this place.
 E = Time spent auto-exploring this place.
 F = Levels seen in this place.
 G = Mean time per level.
                   A        B        C        D        E       F      G
               +--------+--------+--------+--------+--------+-----+--------+
         Total |   4722 |   4495 |    227 |    124 |   3529 |   5 |  944.4 |
       Dungeon |   4722 |   4495 |    227 |    124 |   3529 |   5 |  944.4 |
               +--------+--------+--------+--------+--------+-----+--------+

Top non-repeatable levels by time:
     D:1: 1503 daAuts
     D:2: 1424 daAuts
     D:3: 1234 daAuts
     D:4: 448 daAuts
     D:5: 112 daAuts
